 Dungeon Crawl Stone Soup version 0.22-a0-240-g539252a (webtiles) character file.

8714 Amnesiac the Slinger (level 11, 0/52 HPs)
             Began as a Spriggan Artificer on Feb 21, 2018.
             Was an Initiate of Gozag.
             Slain by a yak (5 damage)
             ... on level 11 of the Dungeon.
             The game lasted 00:26:44 (13910 turns).

Amnesiac the Slinger (Spriggan Artificer)          Turns: 13910, Time: 00:26:45

Health: 0/52       AC:  6    Str: 11    XL:     11   Next: 13%
Magic:  18/18      EV: 22    Int: 12    God:    Gozag
Gold:   1215       SH: 10    Dex: 18    Spells: 7/10 levels left

rFire    x . .     SeeInvis +   a - +0 hunting sling
rCold    + . .     Gourm    .   C - +2 buckler
rNeg     . . .     Faith    .   m - +0 robe
rPois    .         Spirit   .   (helmet restricted)
rElec    .         Reflect  .   y - scarf {repulsion}
rCorr    .         Harm     .   (gloves unavailable)
MR       +....                  (boots unavailable)
Stlth    +++.......             (no amulet)
HPRegen  0.17/turn              z - ring of ice
MPRegen  0.16/turn              B - +4 ring of protection

@: hasted, repel missiles, very quick
A: very small, unfitting armour, see invisible, herbivore, speed 3, slow
metabolism 2
a: Potion Petition, Call Merchant, Bribe Branch, Renounce Religion


You were on level 11 of the Dungeon.
You worshipped Gozag.
Gozag was most pleased with you.
You were full.

You visited 2 branches of the dungeon, and saw 12 of its levels.

You collected 1963 gold pieces.
You spent 615 gold pieces at shops.
You paid 133 gold pieces to Gozag.

Inventory:

Hand Weapons
 a - a +0 hunting sling (weapon)
 b - a +1 dagger of draining
 F - the +2 short sword of Resourcefulness {pierce, rElec Str+6 SInv}
   (You found it on level 7 of the Dungeon)

   It inflicts extra damage upon your enemies.
   It affects your strength (+6).
   It insulates you from electricity.
   It lets you see invisible.
Missiles
 l - 249 stones
 s - 97 sling bullets (quivered)
 x - 5 needles of sleeping
 D - 14 poisoned needles
Armour
 m - a +0 robe (worn)
 y - a scarf of repulsion (worn)
 C - a +2 buckler (worn)
Jewellery
 p - an uncursed ring of resist corrosion
 z - a ring of ice (left hand)
 B - a +4 ring of protection (right hand)
 G - a +3 ring of dexterity
 K - an uncursed ring of protection from magic
Wands
 c - a wand of flame (11)
 d - a wand of enslavement (14)
 e - a wand of random effects (5)
 q - a wand of digging (11)
 E - a wand of polymorph (25)
 H - a wand of disintegration (30)
 I - a wand of iceblast (22)
Scrolls
 j - 3 scrolls of fear {!r, unknown}
 k - 2 scrolls of amnesia {!r}
 o - 3 scrolls of enchant armour {!r}
 r - 4 scrolls of remove curse {!r}
 t - 8 scrolls of teleportation {!r}
 u - a scroll of magic mapping {!r}
 L - a scroll of immolation {!r}
 M - a scroll of enchant weapon {!r}
Potions
 g - a potion of curing {!q}
 h - 2 potions of haste {!q}
 i - 3 potions of flight {!q}
 n - 2 potions of lignification {!q}
 v - 2 potions of berserk rage {!q}
 w - a potion of cancellation {!q}
 A - a potion of magic {!q}
 N - 2 potions of invisibility {!q, unknown}
Miscellaneous
 J - a phial of floods
Comestibles
 f - 14 rations


   Skills:
 - Level 3.0 Fighting
 - Level 3.0 Short Blades
 - Level 14.0 Slings
 - Level 6.2 Dodging
 - Level 3.1 Stealth
 * Level 6.9 Shields
 - Level 8.1 Evocations


You had 7 spell levels left.
You knew the following spells:

 Your Spells              Type           Power        Failure   Level  Hunger
r - Regeneration          Chrm/Necr      #.........   69%         3    ####...


Dungeon Overview and Level Annotations

Branches:
Dungeon (11/15)            Temple (1/1) D:6
   Lair: D:8-11         Orc: D:9-12

Altars:
Ashenzari
Cheibriados
Dithmenos
Elyvilon
Fedhas
Gozag
Hepliaklqana
Kikubaaqudgha
Makhleb
Nemelex Xobeh
Okawaru
Qazlal
Ru
Sif Muna
Trog
Uskayaw
Vehumet
Wu Jian
Xom
Yredelemnul
Zin
The Shining One

Shops:
D:6 *   D:7 %   D:10 ?


Innate Abilities, Weirdness & Mutations

You are very small and have problems with some larger weapons.
You are too small for most types of armour.
You have supernaturally acute eyesight. (SInv)
You are a herbivore.
You cover ground extremely quickly.
You need consume almost no food.


Message History

Firing (i - inventory. (/) - cycle)
l - 254 stones (quivered)
Press: ? - help, Shift-Dir - straight line, f/p - yak
Aim: a yak (almost dead)
You shoot a stone. The stone hits the yak.
The yak is almost dead.
Firing (i - inventory. (/) - cycle)
l - 253 stones (quivered)
Press: ? - help, Shift-Dir - straight line, f/p - yak
Aim: a yak (almost dead)
You shoot a stone. The stone hits the yak.
The yak is almost dead.
You block the yak's attack. x2
Firing (i - inventory. (/) - cycle)
l - 252 stones (quivered)
Press: ? - help, Shift-Dir - straight line, f/p - yak
Aim: a yak (almost dead)
You shoot a stone. The stone barely misses the yak.
The yak misses you. x2
A yak comes into view.
Firing (i - inventory. (/) - cycle)
l - 251 stones (quivered)
Press: ? - help, Shift-Dir - straight line, f/p - yak
Aim: a yak (almost dead)
You shoot a stone. The yak bellows!
The stone hits the yak.
The yak is almost dead.
Firing (i - inventory. (/) - cycle)
l - 250 stones (quivered)
Press: ? - help, Shift-Dir - straight line, f/p - yak
Aim: a yak (almost dead)
You shoot a stone.
The stone hits the yak but does no damage.
The yak is almost dead.
The yak gores you!
* * * LOW HITPOINT WARNING * * *
You block the yak's attack.
Unknown command.
Firing (i - inventory. (/) - cycle)
l - 249 stones (quivered)
Press: ? - help, Shift-Dir - straight line, f/p - yak
Aim: a yak (almost dead)
Okay, then.
Quiver which item? (- for none, * to show all) (? for menu, Esc to quit)
Quivering
s - 100 sling bullets for slings.
Firing (i - inventory. (/) - cycle)
s - 100 sling bullets (quivered)
Press: ? - help, Shift-Dir - straight line, f/p - yak
Aim: a yak (almost dead)
You shoot a sling bullet.
The sling bullet hits the yak but does no damage.
The yak is almost dead.
Firing (i - inventory. (/) - cycle)
s - 99 sling bullets (quivered)
Press: ? - help, Shift-Dir - straight line, f/p - yak
Aim: a yak (almost dead)
You shoot a sling bullet.
The sling bullet completely misses the yak.
The yak gores you!
* * * LOW HITPOINT WARNING * * *
You block the yak's attack.
Firing (i - inventory. (/) - cycle)
s - 98 sling bullets (quivered)
Press: ? - help, Shift-Dir - straight line, f/p - yak
Aim: a yak (almost dead)
You shoot a sling bullet. The sling bullet barely misses the yak.
The yak completely misses you. The yak gores you!
* * * LOW HITPOINT WARNING * * *
Really quaff
h - 3 glowing red potions {!q}?
It was a potion of haste {!q}.
You feel yourself speed up. You block the yak's attack. The yak gores you.
You die...
Your body crumbles into a pile of gold.

#Y. ###(Y# .
##.... ..
##.(#.###(#
#####...(((((.##
##.......)(((....
.........)($(.###
.#####(.######
#@YYY## #Y####
......((#
..#######


You could see 4 yaks.

Vanquished Creatures
  2 two-headed ogres
  Pikel (D:4)
  An ugly thing (D:10)
  Joseph (D:7)
  Grinder (D:6)
  2 hippogriffs
  Sigmund (D:4)
  A spriggan (D:8)
  A hungry ghost (D:11)
  A soldier ant (D:9)
  Duvessa (D:4)
  A porcupine (D:11)
  An ice beast (D:9)
  4 orc warriors
  3 sky beasts
  A necrophage (D:11)
  3 phantoms
  5 centaurs
  4 ogres
  A crocodile (D:10)
  6 big kobolds
  Blork the orc (D:4)
  6 bullfrogs
  A water moccasin zombie (D:8)
  2 scorpions (D:10)
  4 killer bees (D:8)
  2 howler monkeys
  5 electric eels (D:6)
  4 crimson imps
  3 orc priests
  7 hounds
  3 jellies
  A gnoll shaman (D:4)
  2 centaur skeletons
  6 orc wizards
  Jessica (D:3)
  Terence (D:2)
  10 worker ants
  A worker ant zombie (D:5)
  9 gnolls
  12 adders
  A shadow imp (D:11)
  2 oozes
  A worm (D:2)
  An adder skeleton (D:8)
  3 dart slugs
  2 leopard geckos
  19 orcs
  3 giant cockroaches
  8 hobgoblins
  10 jackals
  50 kobolds
  4 quokkas
  2 ball pythons
  6 bats
  5 frilled lizards
  10 goblins
  A leopard gecko zombie (D:5)
  5 rats
256 creatures vanquished.

Vanquished Creatures (collateral kills)
  Dowan (D:4)
  2 orcs (D:4)
3 creatures vanquished.

Vanquished Creatures (others)
  A quokka (D:4)
  3 plants (D:11)
4 creatures vanquished.

Grand Total: 263 creatures vanquished

Notes
Turn   | Place    | Note
-------+----------+-------------------------------------------
     0 | D:1      | Amnesiac the Spriggan Artificer began the quest for the Orb.
     0 | D:1      | Reached XP level 1. HP: 9/9 MP: 4/4
   192 | D:2      | Reached skill level 1 in Fighting
   192 | D:2      | Reached XP level 2. HP: 9/14 MP: 6/6
   607 | D:2      | Reached skill level 1 in Slings
   751 | D:3      | Reached XP level 3. HP: 18/18 MP: 7/7
   761 | D:4      | Found a burning altar of Makhleb.
   765 | D:4      | Noticed an ogre
   810 | D:4      | Killed an ogre
   810 | D:4      | Reached skill level 4 in Slings
   810 | D:4      | Reached XP level 4. HP: 22/22 MP: 8/8
   955 | D:4      | Noticed Duvessa
   955 | D:4      | Noticed Dowan
  1030 | D:4      | Reached XP level 5. HP: 21/25 MP: 9/9
  1036 | D:4      | Reached skill level 5 in Slings
  1055 | D:4      | Noticed a slave
  1056 | D:4      | Noticed Pikel
  1056 | D:4      | Noticed a slave
  1056 | D:4      | Noticed a slave
  1060 | D:4      | Killed Dowan
  1107 | D:4      | Noticed a phantom
  1219 | D:4      | Noticed a phantom
  1233 | D:4      | Killed a phantom
  1233 | D:4      | Reached skill level 6 in Slings
  1233 | D:4      | Reached XP level 6. HP: 27/30 MP: 10/10
  1359 | D:4      | Noticed Sigmund
  1376 | D:4      | Killed Sigmund
  1376 | D:4      | Reached skill level 7 in Slings
  1429 | D:4      | Reached skill level 8 in Slings
  1448 | D:4      | Reached XP level 7. HP: 23/33 MP: 11/11
  1629 | D:4      | Killed Duvessa
  1765 | D:4      | Killed Pikel
  1765 | D:4      | Reached skill level 10 in Slings
  1765 | D:4      | Reached XP level 8. HP: 37/37 MP: 12/12
  2229 | D:4      | Noticed Blork the orc
  2249 | D:4      | Killed Blork the orc
  2249 | D:4      | Reached skill level 11 in Slings
  2318 | D:5      | Entered Level 5 of the Dungeon
  2776 | D:5      | Found an iron altar of Okawaru.
  3447 | D:6      | Noticed a hippogriff
  3481 | D:6      | Killed a hippogriff
  3481 | D:6      | Reached skill level 12 in Slings
  3621 | D:6      | Found a glowing silver altar of Zin.
  3673 | D:6      | Found a staircase to the Ecumenical Temple.
  3679 | Temple   | Entered the Ecumenical Temple
  3740 | Temple   | Became a worshipper of Gozag Ym Sagoz the Greedy
  4498 | D:2      | Noticed Terence
  4530 | D:2      | Killed Terence
  5392 | D:3      | Noticed Jessica
  5398 | D:3      | Killed Jessica
  5624 | D:6      | Reached skill level 5 in Evocations
  6052 | D:6      | Reached XP level 9. HP: 23/41 MP: 13/13
  6164 | D:6      | Found Xopu's Assorted Antiques.
  6175 | D:6      | Bought a scroll labeled IGIWKA FOPPOT for 32 gold pieces
  6175 | D:6      | Bought a scroll labeled OXOBUS ZOFOAF for 32 gold pieces
  6175 | D:6      | Bought a scroll labeled QACZIH NOBBOSK for 32 gold pieces
  6175 | D:6      | Bought a scroll labeled IGIWKA FOPPOT for 32 gold pieces
  6175 | D:6      | Bought a scroll labeled IGIWKA FOPPOT for 32 gold pieces
  6175 | D:6      | Bought a shiny buckler for 240 gold pieces
  7383 | D:6      | Noticed Grinder
  7499 | D:6      | Killed Grinder
  7499 | D:6      | Reached skill level 5 in Dodging
  7499 | D:6      | Reached skill level 1 in Shields
  7976 | D:7      | Noticed Joseph
  8011 | D:7      | Killed Joseph
  8025 | D:7      | Got an ichor-stained short sword
  8026 | D:7      | Identified the +2 short sword of Resourcefulness {pierce, rElec Str+6 SInv} (You found it on level 7 of the Dungeon)
  8747 | D:7      | Found Ithri's Food Boutique.
  9453 | D:8      | Found an ancient bone altar of Kikubaaqudgha.
  9514 | D:8      | Reached XP level 10. HP: 44/49 MP: 17/17
  9713 | D:8      | Found a sacrificial altar of Ru.
 10076 | D:9      | Reached skill level 13 in Slings
 10591 | D:9      | Learned a level 3 spell: Regeneration
 11222 | D:9      | Found a radiant altar of Vehumet.
 11222 | D:9      | Found a glowing golden altar of the Shining One.
 11270 | D:10     | Entered Level 10 of the Dungeon
 11320 | D:10     | Noticed a two-headed ogre
 11711 | D:10     | Killed a two-headed ogre
 11711 | D:10     | Reached skill level 5 in Shields
 11872 | D:10     | Noticed a two-headed ogre
 12087 | D:9      | Killed a two-headed ogre
 12730 | D:10     | Found Iqoagy's Magic Scroll Shop.
 12739 | D:10     | Bought a scroll of teleportation for 30 gold pieces
 12739 | D:10     | Bought a scroll of immolation for 35 gold pieces
 12739 | D:10     | Bought a scroll of enchant weapon for 75 gold pieces
 12739 | D:10     | Bought a scroll of enchant armour for 75 gold pieces
 13084 | D:10     | Reached skill level 14 in Slings
 13084 | D:10     | Reached XP level 11. HP: 45/52 MP: 18/18
 13336 | D:11     | Noticed a white ugly thing
 13532 | D:10     | Killed a white ugly thing
 13910 | D:11     | Slain by a yak

Vault maps used:
D:1:      scummos_arrival_hexagon, serial_park_tiny_pond
D:2:      uniq_terence
D:3:      minmay_misc_feat_pillars, kennysheep_nondescript, uniq_jessica
D:4:      first_ration, bloody_makhleb, uniq_blork_the_orc, uniq_duvessa,
          uniq_sigmund, uniq_pikel
D:5:      kennysheep_okawaru_gauntlet, minmay_misc_feat_hallway
D:6:      minmay_goblin_kobold_castle, overflow_temple_1_default,
          minmay_temple_entry_hall, serial_shops, nicolae_shop_crystal,
          uniq_grinder
D:7:      serial_shops, kennysheep_mini_moat, uniq_joseph
D:8:      marbit_many_paths, kiku_gazebo_pond_becter, the_bakery, st_stairs_5,
          hangedman_decor_riveting
D:9:      gammafunk_temple_overflow_elements
D:10:     serial_shops, nicolae_shop_waterfront
D:11:     minmay_lair_entry_grove
Temple:   kb_temple_of_zot

Skill      XL: |  1  2  3  4  5  6  7  8  9 10 |
---------------+-------------------------------+-----
Fighting       | 1 3 |  3.0
Stealth        | 2 3 |  3.1
Short Blades   | 2 3 |  3.0
Slings         | 1 4 6 8 10 12 14 | 14.0
Evocations     | 5 8 |  8.1
Dodging        | 4 6 |  6.2
Shields        | 2 6 |  6.9

Action                   |  1- 3 |  4- 6 |  7- 9 | 10-12 || total
-------------------------+-------+-------+-------+-------++-------
Melee: Short sword       |    21 |       |       |       ||    21
       Dagger            |       |     4 |       |       ||     4
 Fire: Hunting sling     |    84 |    96 |  1016 |   866 ||  2062
Evoke: Wand              |       |     9 |     6 |       ||    15
  Use: Scroll            |     1 |       |     7 |     2 ||    10
       Potion            |       |       |       |     1 ||     1
 Stab: Sleeping          |     1 |       |       |       ||     1
       Paralysed         |       |     4 |       |       ||     4
  Eat: Ration            |       |       |     6 |       ||     6
Armor: Robe              |     2 |     1 |     5 |    16 ||    24
Dodge: Dodged            |    27 |    47 |   137 |   133 ||   344
       Deflected         |       |       |    16 |    11 ||    27
Block: Buckler           |       |       |    43 |    99 ||   142

Table legend:
 A = Spawn XP
 B = Non-spawn XP
 C = Spawn XP percentage of total XP
 D = Spawn monster count
 E = Non-spawn monster count
 F = Spawn count percentage of total count
 G = Total turns spent on level
                    A         B        C        D         E        F      G
               +---------+---------+-------+---------+---------+-------+---------
         Total |       0 |   12449 |   0.0 |       0 |     259 |   0.0 | 13910
               +---------+---------+-------+---------+---------+-------+---------
           D:1 |       0 |      21 |   0.0 |       0 |      13 |   0.0 |   653
           D:2 |       0 |      97 |   0.0 |       0 |      18 |   0.0 |   960
           D:3 |       0 |     119 |   0.0 |       0 |      21 |   0.0 |   734
           D:4 |       0 |    1659 |   0.0 |       0 |      29 |   0.0 |  1636
           D:5 |       0 |     417 |   0.0 |       0 |      25 |   0.0 |  1251
           D:6 |       0 |    1889 |   0.0 |       0 |      70 |   0.0 |  2597
           D:7 |       0 |     671 |   0.0 |       0 |       6 |   0.0 |   889
           D:8 |       0 |    1291 |   0.0 |       0 |      24 |   0.0 |  1228
           D:9 |       0 |    2352 |   0.0 |       0 |      17 |   0.0 |  1683
          D:10 |       0 |    3335 |   0.0 |       0 |      26 |   0.0 |  2046
          D:11 |       0 |     598 |   0.0 |       0 |      10 |   0.0 |   121
               +---------+---------+-------+---------+---------+-------+---------
